 Dungeon Crawl Stone Soup version 0.29-a0-380-gf50f0a9fbc (webtiles) character file.

Game seed: 152025663113274270

8 swappor the Chopper (level 2, 27/27 HPs)
             Began as a Minotaur Berserker on May 5, 2022.
             Was a Follower of Trog.
             Quit the game on level 1 of the Dungeon.
             The game lasted 00:00:38 (594 turns).

swappor the Chopper (Minotaur Berserker)             Turns: 594, Time: 00:00:38

Health: 27/27      AC:  2    Str: 21    XL:     2   Next: 0%
Magic:  1/1        EV: 12    Int:  4    God:    Trog [*.....]
Gold:   0          SH:  0    Dex:  9    Spells: 1/1 levels left

rFire   . . .      SeeInvis .   a - +0 hand axe
rCold   . . .      Faith    .   (no shield)
rNeg    . . .      Spirit   .   b - +0 animal skin
rPois   .          Reflect  .   (helmet restricted)
rElec   .          Harm     .   (no cloak)
rCorr   .          Rampage  .   (no gloves)
Will    .....                   (no boots)
Stlth   +.........              (no amulet)
HPRegen 0.09/turn               (no ring)
MPRegen 0.07/turn               (no ring)

@: no status effects
A: horns 2, retaliatory headbutt
a: Renounce Religion, Berserk


You were on level 1 of the Dungeon.
You worshipped Trog.
Trog was aware of your devotion.
You visited 1 branch of the dungeon, and saw 1 of its levels.

Inventory:

Hand Weapons
 a - a +0 hand axe (weapon)
Missiles
 s - a stone (quivered)
Armour
 b - a +0 animal skin (worn)


   Skills:
 + Level 3.8 Fighting
 + Level 3.8 Axes
 + Level 2.6 Armour
 + Level 2.4 Dodging


You had one spell level left.
You didn't know any spells.
Your spell library was empty.

Dungeon Overview and Level Annotations

Branches:
Dungeon (1/15)

Altars:


Innate Abilities, Weirdness & Mutations

You have a pair of horns on your head.
You reflexively headbutt those who attack you in melee.


Message History

You open the door.
Found an escape hatch in the floor.
There is an open door here.
There is an open door here.
There is a staircase leading out of the dungeon here.
There is an open door here.
A kobold comes into view. It is wielding a +0 short sword.
A kobold is nearby!
The kobold shouts!
The kobold throws a stone.
The stone hits you.
You take 2 damage, and have 17/19 hp.
The kobold throws a stone.
The stone misses you.
The kobold throws a stone.
The stone hits you but does no damage.
You barely miss the kobold. Your headbutt misses the kobold.
The kobold misses you. You furiously retaliate!
You headbutt the kobold.
You kill the kobold!
Trog accepts your kill.
s - a stone (quivered)
You see here a +0 short sword.
There is a dry fountain here.
You open the door.
There is an open door here.
A rat comes into view.
Health restored: 19 You hit the rat.
You kill the rat!
Trog accepts your kill.
An endoplasm comes into view.
The endoplasm quivers.
An endoplasm is nearby!
You hit the endoplasm. The endoplasm freezes you.
You are frozen.
You take 5 damage, and have 14/19 hp.
MASSIVE DAMAGE!!
You hit the endoplasm. The endoplasm freezes you.
You are frozen.
You take 1 damage, and have 13/19 hp.
You hit the endoplasm.
You kill the endoplasm!
Trog accepts your kill.
A goblin comes into view. It is wielding a +0 dagger.
Health restored: 20 You barely miss the goblin.
You headbutt the goblin.
You kill the goblin!
Trog accepts your kill.
Things that are here:
a +0 dagger; a goblin corpse
Things that are here:
a +0 dagger; a goblin corpse An endoplasm comes into view.
You hit the endoplasm. Your headbutt misses the endoplasm.
The endoplasm freezes you.
You are frozen.
You take 1 damage, and have 19/20 hp.
You hit the endoplasm but do no damage. The endoplasm freezes you.
You are frozen.
You take 5 damage, and have 14/20 hp.
MASSIVE DAMAGE!!
You hit the endoplasm. The endoplasm freezes you.
You are frozen.
The endoplasm misses you.
You take 5 damage, and have 9/20 hp.
MASSIVE DAMAGE!!
You hit the endoplasm but do no damage. The endoplasm closely misses you.
You furiously retaliate!
You headbutt the endoplasm.
You kill the endoplasm!
Trog accepts your kill.
A quokka comes into view.
Found a stone staircase leading down.
Health restored: 20 A quokka is nearby!
The quokka bites you.
You take 3 damage, and have 17/20 hp.
You miss the quokka. Your headbutt misses the quokka. The quokka bites you.
You take 3 damage, and have 14/20 hp.
You hit the quokka. The quokka bites you.
You take 5 damage, and have 9/20 hp.
MASSIVE DAMAGE!!
You completely miss the quokka. You headbutt the quokka.
You kill the quokka!
Trog accepts your kill.
You see here a quokka corpse.
A quokka comes into view.
Health restored: 20 Throw: stone
Aim: a quokka (asleep, 98% to hit)
You throw a stone. The stone hits the quokka.
You barely miss the quokka. The quokka closely misses you.
You hit the quokka.
You kill the quokka!
Trog accepts your kill.
You have reached level 2!
Health restored: 27; MP restored: 1 You see here a quokka corpse.
s - a stone A frilled lizard comes into view.
Okay, then.

...#.# #..# ...÷.###..#
..........# ####
......##.## #..
.........# #.#
..#...##.#######.#####.#
........†..............#
################.#######
#@# #..?.l... #########


You could see a frilled lizard (asleep).

Vanquished Creatures
  2 endoplasms (D:1)
  A goblin (D:1)
  2 quokkas (D:1)
  A kobold (D:1)
  A rat (D:1)
7 creatures vanquished.

Notes
Turn   | Place    | Note
-------+----------+-------------------------------------------
     0 | D:1      | swappor the Minotaur Berserker began the quest for the Orb.
     0 | D:1      | Reached XP level 1. HP: 19/19 MP: 0/0
   579 | D:1      | Reached XP level 2. HP: 27/27 MP: 1/1
   594 | D:1      | Quit the game

Illustrated notes

Levels and vault maps discovered:
D:1:      minmay_arrival_split_and_join, layout_loops_ring,
          ebering_ecumenical_altar_box, roderic_roman_lattice

Action                   || total
-------------------------++-------
Melee: Hand axe          ||    15
       Headbutt          ||     2
Throw: Stone             ||     1
Armor: Animal skin       ||     1
Dodge: Dodged            ||     5

Table legend: (Time is in decaauts)
 A = Elapsed time spent in this place.
 B = Non-inter-level travel time spent in this place.
 C = Inter-level travel time spent in this place.
 D = Time resting spent in this place.
 E = Time spent auto-exploring this place.
 F = Levels seen in this place.
 G = Mean time per level.
                   A        B        C        D        E       F      G
               +--------+--------+--------+--------+--------+-----+--------+
         Total |    595 |    595 |      0 |      0 |    531 |   1 |  595.0 |
       Dungeon |    595 |    595 |      0 |      0 |    531 |   1 |  595.0 |
               +--------+--------+--------+--------+--------+-----+--------+

Top non-repeatable levels by time:
     D:1: 595 daAuts

Table legend:
 A = Kills in this place as a percentage of kills in entire the game.
 B = Kills by you in this place as a percentage of kills by you in the entire game.
 C = Kills by friends in this place as a percentage of kills by friends in the entire game.
 D = Other kills in this place as a percentage of other kills in the entire game.
 E = Experience gained in this place as a percentage of experience gained in the entire game.
 F = Experience gained in this place divided by the number of levels of this place that you have seen.
                   A       B       C       D       E      F
               +-------+-------+-------+-------+-------+----------------------
         Total | 100.0 | 100.0 |   N/A |   N/A | 100.0 |  12.0
       Dungeon | 100.0 | 100.0 |   N/A |   N/A | 100.0 |  12.0
               +-------+-------+-------+-------+-------+----------------------
